[Event "Titled Tuesday Blitz May 23 Late 2023"]
[White "Zampronha, Wladimir Camilo"]
[Black "Piesik, Piotr"]
[WhiteFideId "2103087"]
[BlackFideId "1136194"]
[WhiteElo "2176"]
[BlackElo "2299"]
[Result "0-1"]
[Round "01"]
[TimeControl "180+2"]
[Date "2023.05.23"]
[WhiteClock "0:01:19"]
[BlackClock "0:01:45"]

1. e4 g6 2. d4 Bg7 3. Nc3 c6 4. Nf3 d6 5. Be2 Nf6 6. O-O O-O 7. Re1 Bg4 8. h3 Bxf3 9. Bxf3 e5 10. dxe5 dxe5 11. Qxd8 Rxd8 12. Bg5 Nbd7 13. Rad1 Nc5 14. Bxf6 Bxf6 15. Rxd8+ Bxd8 16. Rd1 a5 17. a3 b5 18. Nb1 Be7 19. Kf1 h5 20. Ke2 Kf8 21. g3 h4 22. g4 Ke8 23. Nd2 Na4 24. Rb1 Rd8 25. Nf1 Bxa3 26. Ne3 Bxb2 0-1


[Site "https://www.chess.com"]

[Event "Titled Tuesday Blitz May 23 Late 2023"]
[White "Manukyan, Sargis A."]
[Black "Rose, Felix"]
[WhiteFideId "13303970"]
[BlackFideId "5105722"]
[WhiteElo "2187"]
[BlackElo "2039"]
[Result "1-0"]
[Round "01"]
[TimeControl "180+2"]
[Date "2023.05.23"]
[WhiteClock "0:00:40"]
[BlackClock "0:00:18"]

1. d4 Nf6 2. c4 e6 3. Nc3 d5 4. Nf3 Be7 5. Bg5 Nbd7 6. e3 h6 7. Bh4 O-O 8. cxd5 Nxd5 9. Bxe7 Nxe7 10. Bd3 c5 11. O-O b6 12. Qe2 Bb7 13. Rfd1 cxd4 14. exd4 Nf6 15. Rac1 Rc8 16. Bb1 Re8 17. Ne5 Ned5 18. Qd3 Nxc3 19. bxc3 Qd5 20. f3 Red8 21. h3 Qa5 22. Ng4 Qg5 23. Nxf6+ Qxf6 24. Qe3 Bd5 25. Be4 Qg5 26. Qxg5 hxg5 27. Bxd5 exd5 28. Kf2 Rc4 29. Ke3 Rdc8 30. Kd3 Ra4 31. Rc2 Ra3 32. Re1 Kf8 33. Re5 f6 34. Rxd5 Re8 35. Rd7 Re1 36. Kc4 Ra1 37. d5 R1xa2 38. Rxa2 Rxa2 39. d6 Rd2 40. Kb5 Rd5+ 41. Kc6 Rc5+ 42. Kb7 Rxc3 43. Rc7 Rd3 44. d7 Ke7 45. Kc8 1-0


[Site "https://www.chess.com"]

[Event "Titled Tuesday Blitz May 23 Late 2023"]
[White "Rodriguez Polo, Mateo"]
[Black "Denishev, Marat"]
[WhiteFideId "24509396"]
[BlackFideId "24131563"]
[WhiteElo "2117"]
[BlackElo "2311"]
[Result "0-1"]
[Round "01"]
[TimeControl "180+2"]
[Date "2023.05.23"]
[WhiteClock "0:00:02"]
[BlackClock "0:00:18"]

1. Nf3 Nf6 2. c4 c5 3. b3 e6 4. Bb2 b6 5. g3 Bb7 6. Bg2 Be7 7. O-O O-O 8. Nc3 d5 9. e3 d4 10. exd4 cxd4 11. Nb5 d3 12. Re1 Nc6 13. Ne5 Qc8 14. Nxd3 Rd8 15. Ne5 a6 16. Nxc6 Bxc6 17. Nd4 Bxg2 18. Kxg2 Bc5 19. Nf3 Rd3 20. Qe2 Qd8 21. h3 b5 22. Rad1 bxc4 23. bxc4 Rb8 24. Bc3 Rb7 25. Ne5 Rd6 26. Nf3 Ba7 27. d4 Rc6 28. Ne5 Rc8 29. Ba1 Nd7 30. Nxd7 Rxd7 31. d5 exd5 32. cxd5 Bc5 33. Qg4 Bf8 34. Qf3 Rc2 35. Re2 Rxe2 36. Qxe2 Rxd5 37. Rb1 Rd3 38. Be5 Qd5+ 39. Kh2 Rd2 40. Qe3 Qxa2 41. Rf1 Re2 42. Qd4 a5 43. Kg1 a4 44. Qd8 Rd2 45. Qa8 Qd5 46. Bf4 Qxa8 47. Bxd2 a3 0-1


[Site "https://www.chess.com"]

[Event "Titled Tuesday Blitz May 23 Late 2023"]
[White "Omranalhosani21"]
[Black "Della Corte, Alessandro"]
[BlackFideId "813540"]
[WhiteElo "2611"]
[BlackElo "2205"]
[Result "1-0"]
[Round "01"]
[TimeControl "180+2"]
[Date "2023.05.23"]
[WhiteClock "0:00:17"]
[BlackClock "0:00:08"]

1. e4 c5 2. Nf3 d6 3. Bd3 Nf6 4. O-O Nc6 5. c3 Bg4 6. Re1 e6 7. Bc2 Be7 8. d3 O-O 9. Nbd2 d5 10. Qe2 d4 11. a4 e5 12. Nc4 Nd7 13. h3 Be6 14. Bd2 a6 15. cxd4 cxd4 16. a5 f6 17. Ba4 Nc5 18. Bxc6 bxc6 19. Nb6 Rb8 20. b4 Nb3 21. Rab1 Nxd2 22. Qxd2 c5 23. b5 axb5 24. Rxb5 c4 25. dxc4 Bxc4 26. Rb2 Be6 27. Ra1 Qc7 28. Ne1 Qc3 29. Nd3 Rb7 30. Qxc3 dxc3 31. Rc2 Rd8 32. Rxc3 Rd4 33. Nc5 Bxc5 34. Rxc5 Rxe4 35. a6 Rxb6 36. a7 Re1+ 37. Rxe1 Ra6 38. Rc6 Rxa7 39. Rxe6 1-0


[Site "https://www.chess.com"]

[Event "Titled Tuesday Blitz May 23 Late 2023"]
[White "Luxama, Jacques Muller"]
[Black "Korchmar, Vasiliy"]
[WhiteFideId "11900113"]
[BlackFideId "24131750"]
[WhiteElo "1931"]
[BlackElo "2370"]
[Result "0-1"]
[Round "01"]
[TimeControl "180+2"]
[Date "2023.05.23"]
[WhiteClock "0:00:00"]
[BlackClock "0:00:38"]

1. e4 c5 2. Nf3 d6 3. d4 cxd4 4. Nxd4 Nf6 5. Nc3 Nc6 6. Bg5 Bd7 7. Qd2 a6 8. f3 e6 9. O-O-O Be7 10. Kb1 Nxd4 11. Qxd4 Qc7 12. h4 b5 13. Be2 O-O 14. Bxf6 gxf6 15. h5 b4 16. Qxb4 Rab8 17. Qd4 Rfc8 18. Ka1 Qa5 19. Bd3 e5 20. Qd5 Rc5 21. Qxc5 dxc5 22. Nd5 Bd8 23. Bc4 Bb5 24. Bxb5 axb5 25. Ne3 Ra8 26. a3 b4 27. Nc4 Qb5 28. b3 bxa3 29. h6 f5 30. exf5 Bf6 31. Ka2 Qb4 32. Rd3 Rd8 33. Rhd1 Rxd3 34. Rxd3 Kf8 35. Rd7 Qe1 36. Nd6 Qc1 37. Rxf7+ Kg8 0-1


[Site "https://www.chess.com"]

[Event "Titled Tuesday Blitz May 23 Late 2023"]
[White "Levitskiy, Andrey"]
[Black "Kostiukov, Alexandr"]
[WhiteFideId "14132885"]
[BlackFideId "14108100"]
[WhiteElo "2347"]
[BlackElo "2202"]
[Result "0-1"]
[Round "01"]
[TimeControl "180+2"]
[Date "2023.05.23"]
[WhiteClock "0:00:04"]
[BlackClock "0:00:05"]

1. e4 c5 2. Nf3 g6 3. d4 cxd4 4. Nxd4 Bg7 5. c4 Nc6 6. Be3 Qa5+ 7. Nc3 Nxd4 8. Bxd4 Nf6 9. f3 O-O 10. Be2 d6 11. O-O Be6 12. Qd2 Rfc8 13. b3 b5 14. cxb5 Nxe4 15. fxe4 Bxd4+ 16. Qxd4 Qxc3 17. Qf2 Qe5 18. Bd3 Rc3 19. Rad1 Qc5 20. Qxc5 Rxc5 21. Rc1 Rac8 22. Rxc5 Rxc5 23. h3 Rc3 24. Rd1 Kg7 25. Kf2 Kf6 26. Ke3 Ke5 27. Kd2 Kd4 28. Bc2 Rg3 29. Kc1+ Kc3 30. Rd2 Re3 31. Bd1 Rxe4 32. Rc2+ Kb4 33. Rc7 Bf5 34. Rxa7 Kxb5 35. Bf3 Re1+ 36. Kd2 Ra1 37. Kc3 Rc1+ 38. Kb2 Rc2+ 39. Ka3 e5 40. Rb7+ Ka6 41. Rxf7 e4 42. Bd1 Rxg2 43. Re7 d5 44. Kb4 Rxa2 45. Re5 Rd2 46. Bg4 Rd3 47. Bxf5 gxf5 48. Rxf5 e3 49. Re5 d4 50. Kc4 Rd2 51. Re7 Kb6 52. Rxh7 e2 53. Re7 d3 54. Kc3 Rd1 55. Re6+ Kc7 56. Kd4 e1=Q 57. Rxe1 Rxe1 58. Kxd3 Rh1 59. Kc4 Rxh3 60. b4 Rh5 0-1


[Site "https://www.chess.com"]

[Event "Titled Tuesday Blitz May 23 Late 2023"]
[White "Semenenko, Dmytry"]
[Black "Melikyan, Gnel"]
[WhiteFideId "14118645"]
[BlackFideId "54109990"]
[WhiteElo "2113"]
[BlackElo "2138"]
[Result "0-1"]
[Round "01"]
[TimeControl "180+2"]
[Date "2023.05.23"]
[WhiteClock "0:00:26"]
[BlackClock "0:01:32"]

1. Nf3 Nf6 2. c4 b6 3. d4 Bb7 4. g3 e6 5. Bg2 Be7 6. O-O O-O 7. Nc3 d5 8. Ne5 Nbd7 9. f4 c6 10. e4 Nxe5 11. fxe5 Nxe4 12. Nxe4 dxe4 13. Bxe4 Qd7 14. Be3 Rad8 15. Qh5 g6 16. Qh6 c5 17. d5 exd5 18. cxd5 Bxd5 19. Rad1 Qe6 20. Rf6 Qxe5 21. Bxd5 Bxf6 22. Bf4 Qxb2 23. Bc7 Bd4+ 24. Kh1 Rxd5 0-1


[Site "https://www.chess.com"]

[Event "Titled Tuesday Blitz May 23 Late 2023"]
[White "Spitzl, Vinzent"]
[Black "Romero Ruscalleda, Josep"]
[WhiteFideId "12901253"]
[BlackFideId "2231859"]
[WhiteElo "2225"]
[BlackElo "2183"]
[Result "1-0"]
[Round "01"]
[TimeControl "180+2"]
[Date "2023.05.23"]
[WhiteClock "0:00:49"]
[BlackClock "0:00:35"]

1. e4 g6 2. d4 Bg7 3. Nc3 d6 4. Be3 a6 5. a4 Nc6 6. h3 e5 7. Nge2 f5 8. g3 Nf6 9. Bg2 O-O 10. exf5 exd4 11. Nxd4 Nxd4 12. Bxd4 Bxf5 13. O-O c6 14. g4 Be6 15. Re1 Qd7 16. Qd2 Rae8 17. Rad1 Bc4 18. b3 Rxe1+ 19. Rxe1 Be6 20. f4 Re8 21. Bf2 Bf7 22. Ne4 Nxe4 23. Rxe4 Rxe4 24. Bxe4 d5 25. Bf3 Qd6 26. Bg3 Qc5+ 27. Kg2 Qd4 28. Qxd4 Bxd4 29. Bf2 Bxf2 30. Kxf2 Kf8 31. b4 Ke7 32. a5 Kd6 33. Ke3 Be6 34. Kd4 Bd7 35. c3 Be6 36. Be2 Bd7 37. Bd3 Be6 38. f5 gxf5 39. Bxf5 Bxf5 40. gxf5 h5 41. f6 Ke6 42. Kc5 Kxf6 43. Kb6 Kg5 44. Kxb7 Kh4 45. Kxa6 Kxh3 46. Kb6 Kg2 47. a6 h4 48. a7 h3 49. a8=Q h2 50. Qh8 1-0


[Site "https://www.chess.com"]

[Event "Titled Tuesday Blitz May 23 Late 2023"]
[White "Lalanne, Pablo"]
[Black "Fishbein, Alexander"]
[WhiteFideId "112151"]
[BlackFideId "2000377"]
[WhiteElo "2120"]
[BlackElo "2415"]
[Result "0-1"]
[Round "01"]
[TimeControl "180+2"]
[Date "2023.05.23"]
[WhiteClock "0:00:05"]
[BlackClock "0:00:31"]

1. e4 c5 2. Nf3 d6 3. d4 cxd4 4. Nxd4 Nf6 5. Nc3 Nc6 6. Bc4 e6 7. Bb3 Be7 8. Be3 a6 9. Qe2 Qc7 10. O-O-O Na5 11. g4 b5 12. g5 Nxb3+ 13. axb3 Nd7 14. f4 b4 15. Na4 Nc5 16. Kb1 Bb7 17. Bd2 Nxe4 18. Bxb4 O-O 19. Rhg1 Rfc8 20. h4 a5 21. Ba3 Bf8 22. f5 e5 23. Nb5 Qc6 24. Nbc3 Nxc3+ 25. Nxc3 a4 26. b4 Qc4 27. Qd2 d5 28. g6 d4 29. Ne2 Bd5 30. Nc1 Be4 31. gxf7+ Qxf7 32. Nd3 Bxf5 33. Nxe5 Qd5 34. Nd3 Be6 35. Nc1 Bf5 36. Qxd4 Bxc2+ 37. Ka1 Qxd4 38. Rxd4 Be7 39. h5 Bf6 40. Rf4 Be5 41. Rf2 Bd4 42. Rfg2 Bxg1 43. Rxg1 Rd8 44. Ne2 Rd1+ 45. Rxd1 Bxd1 46. Nc3 Bxh5 47. b5 Bf3 48. Bc5 h5 49. b6 h4 0-1


[Site "https://www.chess.com"]

[Event "Titled Tuesday Blitz May 23 Late 2023"]
[White "Ambartsumova, Karina"]
[Black "KVAIDAN"]
[WhiteFideId "4166299"]
[WhiteElo "2240"]
[BlackElo "2283"]
[Result "0-1"]
[Round "01"]
[TimeControl "180+2"]
[Date "2023.05.23"]
[WhiteClock "0:00:23"]
[BlackClock "0:01:39"]

1. Nf3 e6 2. c4 f5 3. d4 Nf6 4. g3 d6 5. Bg2 Be7 6. O-O O-O 7. Nc3 a5 8. Re1 Ne4 9. Qc2 Nxc3 10. bxc3 Nc6 11. e4 fxe4 12. Qxe4 e5 13. dxe5 dxe5 14. Nxe5 Nxe5 15. Qxe5 Bf6 16. Bd5+ Kh8 17. Qh5 g6 18. Qf3 Bg7 19. Qe3 c6 20. Bg2 Bf5 21. Ba3 Re8 22. Qf3 Qd3 23. Qxd3 Bxd3 24. Red1 Bxc4 25. Rd7 b5 26. Bxc6 Rac8 27. Rxg7 Kxg7 28. Bxe8 Rxe8 29. Bc5 Re2 30. a4 bxa4 31. Rxa4 Re1+ 32. Kg2 Bd5+ 33. Kh3 g5 34. Rxa5 Be6+ 35. g4 h5 36. Be3 Bxg4+ 37. Kg2 Kf7 38. Rxg5 Be2 39. h4 Kf6 40. Rc5 Ke6 41. Kg3 Rg1+ 42. Kf4 Rg4# 0-1


[Site "https://www.chess.com"]

[Event "Titled Tuesday Blitz May 23 Late 2023"]
[White "rikchessmx"]
[Black "Suder, Jakub"]
[BlackFideId "1195310"]
[WhiteElo "2281"]
[BlackElo "2287"]
[Result "1-0"]
[Round "01"]
[TimeControl "180+2"]
[Date "2023.05.23"]
[WhiteClock "0:00:54"]
[BlackClock "0:00:00"]

1. e4 c5 2. Nf3 e6 3. d4 cxd4 4. Nxd4 Nc6 5. Nc3 Nf6 6. Nxc6 bxc6 7. Bd3 e5 8. O-O d6 9. f4 Be7 10. Kh1 O-O 11. Qf3 Nd7 12. f5 Bg5 13. Qg3 Bxc1 14. Raxc1 Kh8 15. Rf3 Bb7 16. Rcf1 Qf6 17. Qh3 d5 18. g4 d4 19. Ne2 c5 20. b3 c4 21. bxc4 Nc5 22. Ng3 Rab8 23. Re1 Qg5 24. Rf2 Bc6 25. Nh5 Rb2 26. Qg3 Rfb8 27. Qxe5 Nxd3 28. cxd3 Re8 29. Qxd4 Rxf2 30. Qxf2 Qxg4 31. Ng3 h5 32. Qe2 Qf4 33. Nxh5 Qxf5 34. Kg1 Qg5+ 35. Ng3 Kg8 36. Qe3 Qf6 37. Qxa7 Ra8 38. Qf2 Qc3 39. Re3 Bd7 40. Kg2 Rb8 41. Rf3 Be6 42. Nf5 Rb1 43. Rg3 g6 44. Nd4 Bd7 45. e5 Qa1 46. e6 1-0


[Site "https://www.chess.com"]

[Event "Titled Tuesday Blitz May 23 Late 2023"]
[White "Tomiello, Mateus Costamilan"]
[Black "Pace, Christopher"]
[WhiteFideId "22701958"]
[BlackFideId "2610167"]
[WhiteElo "1990"]
[BlackElo "2276"]
[Result "1-0"]
[Round "01"]
[TimeControl "180+2"]
[Date "2023.05.23"]
[WhiteClock "0:00:14"]
[BlackClock "0:00:04"]

1. e4 e5 2. Nf3 Nc6 3. Bb5 Nge7 4. c3 g6 5. O-O Bg7 6. d4 exd4 7. cxd4 d5 8. exd5 Nxd5 9. Re1+ Ne7 10. d5 a6 11. Ba4 b5 12. Bb3 Na5 13. Bg5 f6 14. Bf4 Nxb3 15. Qxb3 Kf8 16. Nc3 Bb7 17. Rad1 Nf5 18. Ne4 g5 19. Bxg5 fxg5 20. Nfxg5 Bc8 21. d6 Nh6 22. Re3 Bf5 23. Rf3 Qd7 24. Nc5 Qc6 25. Rxf5+ 1-0


[Site "https://www.chess.com"]

[Event "Titled Tuesday Blitz May 23 Late 2023"]
[White "Bach, Matthias"]
[Black "Principe, Gerson"]
[WhiteFideId "4603168"]
[BlackFideId "3804550"]
[WhiteElo "2130"]
[BlackElo "2229"]
[Result "1-0"]
[Round "01"]
[TimeControl "180+2"]
[Date "2023.05.23"]
[WhiteClock "0:00:52"]
[BlackClock "0:00:09"]

1. d4 Nf6 2. c4 e6 3. Nc3 Bb4 4. Bg5 d5 5. e3 c5 6. cxd5 exd5 7. Bb5+ Bd7 8. Bxd7+ Nbxd7 9. Ne2 Qa5 10. O-O Bxc3 11. Nxc3 O-O 12. dxc5 Qxc5 13. Qd4 Qxd4 14. exd4 Ne4 15. Nxe4 dxe4 16. Rac1 Rac8 17. d5 f5 18. Be7 Rfe8 19. d6 Kf7 20. f3 exf3 21. Rxc8 Rxc8 22. Rxf3 g6 23. g4 Ke6 24. Re3+ Kd5 25. gxf5 gxf5 26. Rh3 Ke4 27. Rxh7 Ne5 28. Bf6 Rc1+ 29. Kg2 Ng4 30. d7 Kf4 31. d8=Q Rb1 1-0


[Site "https://www.chess.com"]

[Event "Titled Tuesday Blitz May 23 Late 2023"]
[White "Arabidze, Meri"]
[Black "Magallanes, Rey Jomar"]
[WhiteFideId "13604040"]
[BlackFideId "5205948"]
[WhiteElo "2405"]
[BlackElo "2274"]
[Result "1-0"]
[Round "01"]
[TimeControl "180+2"]
[Date "2023.05.23"]
[WhiteClock "0:01:51"]
[BlackClock "0:02:24"]

1. Nf3 d5 2. g3 Nf6 3. Bg2 g6 4. b3 Bg7 5. Bb2 O-O 6. c4 c6 7. O-O Nbd7 8. d3 Re8 9. Nbd2 e5 10. cxd5 cxd5 11. e4 dxe4 12. dxe4 b6 13. Nc4 Bb7 14. Nd6 Bc6 15. Nxe8 Qxe8 16. Nd2 Rd8 17. Qc2 Bb7 18. Rac1 Nc5 19. Ba3 Nd3 20. Rcd1 Ng4 21. Nc4 Nc5 22. Nd6 Qc6 23. Nxb7 Qxb7 24. Rxd8+ 1-0


[Site "https://www.chess.com"]

[Event "Titled Tuesday Blitz May 23 Late 2023"]
[White "Harish, Neeraj"]
[Black "Kiremitciyan, Ari"]
[WhiteFideId "30958130"]
[BlackFideId "6373445"]
[WhiteElo "1879"]
[BlackElo "2181"]
[Result "0-1"]
[Round "01"]
[TimeControl "180+2"]
[Date "2023.05.23"]
[WhiteClock "0:00:16"]
[BlackClock "0:01:16"]

1. e4 e5 2. Nf3 Nc6 3. Bc4 g6 4. O-O Bg7 5. c3 d6 6. h3 Nge7 7. d4 O-O 8. Na3 exd4 9. cxd4 d5 10. exd5 Nxd5 11. Nc2 Nb6 12. Be2 h6 13. Bf4 Nd5 14. Bh2 Re8 15. Qd2 Bf5 16. Rad1 Be4 17. Rfe1 Qd7 18. Ne3 Rad8 19. Nxd5 Bxd5 20. b3 Bxf3 21. Bxf3 Rxe1+ 22. Rxe1 Nxd4 23. Be4 Nf3+ 0-1


[Site "https://www.chess.com"]

[Event "Titled Tuesday Blitz May 23 Late 2023"]
[White "Sourath Biswas"]
[Black "SalihEke"]
[WhiteFideId "35091484"]
[WhiteElo "2171"]
[BlackElo "2270"]
[Result "1-0"]
[Round "01"]
[TimeControl "180+2"]
[Date "2023.05.23"]
[WhiteClock "0:01:57"]
[BlackClock "0:00:00"]

1. d4 d5 2. Bf4 Nf6 3. e3 c5 4. Nf3 Nc6 5. Nbd2 Bf5 6. dxc5 e6 7. Nd4 Bxc5 8. Nxf5 exf5 9. c3 O-O 10. Be2 Ne4 11. Nxe4 fxe4 12. Qb3 Na5 13. Qa4 Nc6 14. Rd1 Rc8 15. O-O Ne7 16. c4 d4 17. exd4 Bxd4 18. c5 1-0


[Site "https://www.chess.com"]

[Event "Titled Tuesday Blitz May 23 Late 2023"]
[White "Hernandez Leon, Alberto"]
[Black "Bagrationi, Alexander"]
[WhiteFideId "2272555"]
[BlackFideId "14104954"]
[WhiteElo "2239"]
[BlackElo "2398"]
[Result "1/2-1/2"]
[Round "01"]
[TimeControl "180+2"]
[Date "2023.05.23"]
[WhiteClock "0:00:11"]
[BlackClock "0:01:23"]

1. d4 Nf6 2. c4 c5 3. d5 g6 4. Nc3 Bg7 5. e4 d6 6. Bd3 O-O 7. h3 Na6 8. Nf3 Nc7 9. a4 a6 10. O-O e6 11. Bf4 Re8 12. e5 Nh5 13. Bg5 f6 14. exf6 Bxf6 15. Bxf6 Nxf6 16. Qc2 Kg7 17. dxe6 Bxe6 18. Rad1 Bg8 19. Rfe1 Rxe1+ 20. Rxe1 Ne6 21. Nd5 Nxd5 22. cxd5 Nf4 23. Qc3+ Qf6 24. Re7+ Bf7 25. Bc4 b5 26. axb5 axb5 27. Bxb5 Rb8 28. Bc4 Rxb2 29. Qxf6+ Kxf6 30. Re1 Bxd5 31. Bxd5 Nxd5 32. Rd1 Nf4 33. Rxd6+ Ke7 34. Rc6 Nd3 35. Ng5 Kd7 36. Rf6 c4 37. Ne4 Re2 38. Nc3 Re1+ 39. Kh2 Rc1 40. Ne4 c3 41. Rd6+ Ke7 42. Rxd3 c2 43. Rc3 Re1 44. Rxc2 Rxe4 45. Rc3 Kf7 46. Kg3 Kg7 47. Rf3 Rb4 48. Ra3 h5 49. Ra7+ Kh6 50. Ra6 h4+ 51. Kh2 Kg5 52. Ra5+ Kh6 53. Rd5 Rb2 54. f4 Rf2 55. Rd4 Kg7 56. f5 g5 57. Rd7+ Kf6 58. Rd8 Rb2 59. Rf8+ Kg7 60. Rc8 Rb5 61. Rc7+ Kf6 62. Rc6+ Kxf5 63. Rc3 Rb4 64. Rf3+ Ke4 65. Rf8 Rb6 66. Re8+ Kf5 67. Rf8+ Kg6 68. Rg8+ Kf5 69. Rc8 Rf6 70. Rc5+ Kg6 71. Rc3 Kh5 72. Rc5 Rd6 73. Ra5 Rd3 74. Rb5 Rd4 75. Ra5 Kh6 76. Rb5 g4 77. hxg4 Rxg4 78. Re5 Kg6 79. Rc5 Kf6 80. Rb5 Rd4 81. Ra5 Rc4 82. Rb5 Ke6 83. Kh3 Kf6 84. Rh5 Kg6 85. Rxh4 Rc1 86. Rg4+ Kh5 87. Ra4 Rc3+ 88. g3 Rc5 89. Rb4 Kg5 90. Rh4 Rc1 91. Rg4+ Kh5 92. Ra4 Rh1+ 93. Kg2 Rc1 94. Kf3 Rc3+ 95. Kf4 Rc5 96. g4+ Kg6 97. Ra6+ Kg7 98. Rb6 Rc4+ 99. Kf5 Rc5+ 100. Kf4 Rc4+ 101. Kg3 Rc3+ 102. Kh4 Rc7 103. Kh5 Rc5+ 104. g5 Rc7 105. Ra6 Rb7 106. Rg6+ Kh7 107. Rh6+ Kg7 108. Rd6 Ra7 109. Rc6 Rb7 110. Rg6+ Kh7 111. Rd6 Kg7 112. Kg4 Rb4+ 113. Kf5 Rb5+ 114. Kf4 Rb4+ 115. Kf5 Rb5+ 116. Kf4 Rb4+ 117. Kf5 1/2-1/2


[Site "https://www.chess.com"]

[Event "Titled Tuesday Blitz May 23 Late 2023"]
[White "Novik, Maxim"]
[Black "Wang, Alexander J"]
[WhiteFideId "4102924"]
[BlackFideId "30955270"]
[WhiteElo "2287"]
[BlackElo "2266"]
[Result "1-0"]
[Round "01"]
[TimeControl "180+2"]
[Date "2023.05.23"]
[WhiteClock "0:01:08"]
[BlackClock "0:00:42"]

1. d4 d5 2. c4 e6 3. Nc3 c5 4. cxd5 exd5 5. Nf3 Nc6 6. g3 Nf6 7. Bg2 Be7 8. O-O O-O 9. dxc5 Bxc5 10. b3 Be6 11. Bb2 a6 12. Rc1 Ba7 13. e3 Ne4 14. Ne2 Bg4 15. Nf4 Qd7 16. h3 Bxf3 17. Bxf3 Rad8 18. Nxd5 Nxg3 19. fxg3 Qxh3 20. Qe1 Bb8 21. Bg2 Qg4 22. Qf2 Bxg3 23. Nf6+ gxf6 24. Qxf6 Ne5 25. Bxe5 Bxe5 26. Qxe5 Rd2 27. Rf2 Rxf2 28. Kxf2 1-0


[Site "https://www.chess.com"]

[Event "Titled Tuesday Blitz May 23 Late 2023"]
[White "Simonovic, Miroslav"]
[Black "Gubajdullin, Alexei"]
[WhiteFideId "919152"]
[BlackFideId "4141202"]
[WhiteElo "2042"]
[BlackElo "2279"]
[Result "0-1"]
[Round "01"]
[TimeControl "180+2"]
[Date "2023.05.23"]
[WhiteClock "0:00:04"]
[BlackClock "0:00:21"]

1. d4 Nf6 2. Bg5 e6 3. e4 h6 4. Bxf6 Qxf6 5. Nc3 d6 6. Qd3 g5 7. h3 Bg7 8. Nf3 Nc6 9. O-O-O Bd7 10. e5 dxe5 11. Nxe5 Nxe5 12. dxe5 Qf4+ 13. Kb1 O-O-O 14. Qe4 Qxe4 15. Nxe4 Bc6 16. Rxd8+ Rxd8 17. Bd3 Bxe5 18. f3 b6 19. h4 Rg8 20. hxg5 hxg5 21. Rh7 f5 22. Nd2 g4 23. a3 Bf4 24. Ba6+ Kd8 25. Nb3 gxf3 26. gxf3 Bxf3 27. Nd4 Bd5 28. c4 Be4+ 29. Ka2 Rg6 30. Bb5 e5 31. Rh8+ Ke7 32. Rh7+ Kf6 33. Nc6 Rh6 34. Rxc7 Rh2 35. Nd8 Bc1 36. Rf7+ Kg6 37. Be8 Rxb2+ 38. Ka1 Kg5 39. Rg7+ Kh4 40. Rxa7 Rd2 41. Bc6 Bb2+ 42. Ka2 Bd4+ 43. Kb3 Rb2+ 44. Ka4 Bc2# 0-1


[Site "https://www.chess.com"]

[Event "Titled Tuesday Blitz May 23 Late 2023"]
[White "Adla, Diego"]
[Black "lluiss"]
[WhiteFideId "100072"]
[WhiteElo "2377"]
[BlackElo "2260"]
[Result "1-0"]
[Round "01"]
[TimeControl "180+2"]
[Date "2023.05.23"]
[WhiteClock "0:01:05"]
[BlackClock "0:00:00"]

1. e4 c5 2. Nf3 d6 3. d4 cxd4 4. Nxd4 Nf6 5. Nc3 g6 6. Be3 Bg7 7. f3 O-O 8. Qd2 Nc6 9. O-O-O d5 10. h4 dxe4 11. h5 Nxd4 12. Bxd4 e5 13. Bc5 Qxd2+ 14. Rxd2 exf3 15. h6 fxg2 16. Bxg2 Re8 17. hxg7 Kxg7 18. Nb5 Rg8 19. Nc7 Be6 20. Nxa8 Rxa8 21. Bd6 Ng4 22. Bxb7 Re8 23. Bd5 f6 24. Bxe6 Rxe6 25. Bc5 h5 26. Bxa7 e4 27. Rd7+ Kh6 28. a4 e3 29. a5 e2 30. Re1 Nh2 31. Rd2 Nf3 32. Rdxe2 Ra6 33. Be3+ g5 34. Rf1 1-0


[Site "https://www.chess.com"]

[Event "Titled Tuesday Blitz May 23 Late 2023"]
[White "Lee, Addison"]
[Black "Veiga, Jose Francisco R P Neves"]
[WhiteFideId "30924570"]
[BlackFideId "1930087"]
[WhiteElo "2255"]
[BlackElo "2320"]
[Result "0-1"]
[Round "01"]
[TimeControl "180+2"]
[Date "2023.05.23"]
[WhiteClock "0:00:12"]
[BlackClock "0:00:08"]

1. Nf3 Nf6 2. d4 g6 3. Bf4 Bg7 4. e3 O-O 5. Be2 d6 6. O-O b6 7. c4 Bb7 8. Nc3 c5 9. Qc2 Nc6 10. Rad1 cxd4 11. exd4 Rc8 12. b3 a6 13. d5 Na5 14. Qd2 Nd7 15. Nd4 Re8 16. Bg5 Qc7 17. Qe3 b5 18. Rfe1 bxc4 19. b4 Nb6 20. bxa5 Nxd5 21. Nxd5 Bxd5 22. Bf3 Bxf3 23. Qxf3 e6 24. Qc3 d5 25. Qb4 Rb8 26. Qa3 Rb7 27. h3 h6 28. Be3 Bf8 29. Qa4 Rc8 30. Rc1 Rb4 31. Qc2 Qxa5 32. h4 Qa4 33. h5 Qxc2 34. Nxc2 Rb2 35. hxg6 fxg6 36. a4 Kf7 37. Bd4 Rb3 38. Rb1 Rcb8 39. Rbc1 Rc8 40. f4 Rc6 41. Kf1 Bd6 42. Be5 Bxe5 43. fxe5 Rd3 44. Re2 Rb6 45. Kf2 Kg7 46. Ne1 Rd4 47. Nf3 Rf4 48. g3 Rf5 49. Ke3 Rb3+ 50. Kd4 Rd3+ 51. Kc5 Rdxf3 52. Kd6 c3 53. Kxe6 d4 54. Ree1 Rf8 55. Red1 Re8+ 56. Kd5 Rd8+ 57. Ke4 Rxg3 58. Rc2 Kf7 59. a5 Ke6 60. Rf2 Rg4+ 61. Kd3 Kxe5 62. Re1+ Kd5 63. Rf6 Rg3+ 64. Kc2 Rg2+ 65. Kd1 Rb8 66. Kc1 Ra2 0-1


[Site "https://www.chess.com"]

[Event "Titled Tuesday Blitz May 23 Late 2023"]
[White "cryptoguru02"]
[Black "olga-belka"]
[WhiteElo "2573"]
[BlackElo "2252"]
[Result "1/2-1/2"]
[Round "01"]
[TimeControl "180+2"]
[Date "2023.05.23"]
[WhiteClock "0:00:07"]
[BlackClock "0:00:02"]

1. d4 Nf6 2. c4 g6 3. Nc3 d5 4. Bf4 Bg7 5. e3 O-O 6. Rc1 c5 7. dxc5 Qa5 8. Nf3 Ne4 9. cxd5 Nxc3 10. Qd2 Qxc5 11. bxc3 Rd8 12. e4 Nd7 13. Be3 Qa3 14. c4 b6 15. Bd3 Ba6 16. O-O Rac8 17. Bd4 Bxd4 18. Nxd4 Ne5 19. Rfd1 e6 20. Bf1 exd5 21. cxd5 Bxf1 22. Kxf1 Nc4 23. Qd3 Qxd3+ 24. Rxd3 Nd2+ 25. Rxd2 Rxc1+ 26. Ke2 Rdc8 27. Nc6 Kf8 28. h4 h5 29. g3 R8xc6 30. dxc6 Rxc6 31. Ke3 Ke7 32. f4 Rc3+ 33. Kf2 Rc4 34. e5 a5 35. Rb2 Rc6 36. Ke3 Rc3+ 37. Kd4 Rxg3 38. Rxb6 Ra3 39. Rb7+ Ke6 40. Rb6+ Ke7 41. Rb2 Ra4+ 42. Kd5 Rxf4 43. Rb7+ Ke8 44. Ra7 Rxh4 45. Rxa5 Rh2 46. a4 Rd2+ 47. Ke4 h4 48. Kf3 h3 49. Ra8+ Ke7 50. Rh8 h2 51. Kg3 Kd7 52. a5 Kc6 53. Rxh2 Rxh2 54. Kxh2 Kb5 55. Kg3 Kxa5 56. Kf4 Kb5 57. e6 fxe6 58. Ke5 Kc6 59. Kxe6 g5 60. Kf5 Kd5 61. Kxg5 1/2-1/2


[Site "https://www.chess.com"]

[Event "Titled Tuesday Blitz May 23 Late 2023"]
[White "De Souza, Cristiano Gomes"]
[Black "Ollier, Pablo"]
[WhiteFideId "2151758"]
[BlackFideId "652318"]
[WhiteElo "2068"]
[BlackElo "2572"]
[Result "0-1"]
[Round "01"]
[TimeControl "180+2"]
[Date "2023.05.23"]
[WhiteClock "0:00:10"]
[BlackClock "0:00:41"]

1. d4 Nf6 2. c4 e6 3. Nf3 Bb4+ 4. Bd2 c5 5. Bxb4 cxb4 6. g3 O-O 7. Bg2 Nc6 8. O-O d6 9. a3 bxa3 10. Nxa3 e5 11. dxe5 dxe5 12. Nb5 a6 13. Nc3 Bg4 14. Nd5 Rb8 15. h3 Bxf3 16. exf3 Nxd5 17. cxd5 Nd4 18. f4 f6 19. fxe5 fxe5 20. Re1 Qf6 21. Rf1 Nb5 22. Ra4 Nd6 23. Qd2 Rbe8 24. f4 exf4 25. Raxf4 Qe5 26. Rxf8+ Rxf8 27. Rxf8+ Kxf8 28. Kh2 Ke7 29. Qb4 h5 30. Qh4+ Kd7 31. Qb4 g5 32. h4 a5 33. Qa4+ b5 34. Qxa5 gxh4 35. Qa7+ Kd8 36. Qf2 Nf5 37. Qb6+ Ke7 38. Qf6+ Kxf6 39. d6 Qxg3+ 0-1


[Site "https://www.chess.com"]